 Dungeon Crawl Stone Soup version 0.23.2 (webtiles) character file.

Game seed: 7934959242867497845

347 Menchi the Covert (level 6, -2/51 HPs)
             Began as a Gnoll Assassin on Apr 9, 2019.
             Was a Follower of Dithmenos.
             Slain by an iguana (5 damage)
             ... on level 4 of the Dungeon.
             The game lasted 00:05:35 (2231 turns).

Menchi the Covert (Gnoll Assassin)                  Turns: 2231, Time: 00:05:36

Health: -2/51      AC:  4    Str: 14    XL:     6   Next: 59%
Magic:  18/18      EV: 17    Int: 18    God:    Dithmenos [*.....]
Gold:   167        SH:  0    Dex: 18    Spells: 9/9 levels left

rFire    . . .     SeeInvis .   a - +2 dagger
rCold    . . .     Gourm    .   (no shield)
rNeg     . . .     Faith    .   c - +0 robe
rPois    .         Spirit   .   (no helmet)
rElec    .         Reflect  .   p - +0 cloak
rCorr    .         Harm     .   (no gloves)
MR       .....                  d - +0 pair of boots
Stlth    +++++.....             l - amulet of the acrobat
HPRegen  0.17/turn              q - ring of magical power
MPRegen  0.16/turn              v - +3 ring of evasion

@: brilliant, wreathed by umbra
A: distributed training, fangs 1, strong nose
a: Renounce Religion


You were on level 4 of the Dungeon.
You worshipped Dithmenos.
Dithmenos was aware of your devotion.
You were not hungry.

You visited 1 branch of the dungeon, and saw 4 of its levels.

You collected 167 gold pieces.

Inventory:

Hand Weapons
 a - a +2 dagger (weapon)
 b - a +0 blowgun
Missiles
 e - 39 poisoned needles
 f - 2 curare-tipped needles
Armour
 c - a +0 robe (worn)
 d - a +0 pair of boots (worn)
 p - a +0 cloak (worn)
Jewellery
 l - an amulet of the acrobat (around neck)
 q - a ring of magical power (left hand)
 v - a +3 ring of evasion (right hand)
Scrolls
 h - 4 scrolls of blinking {unknown}
 i - 2 scrolls of noise {unknown}
 m - a scroll of teleportation {unknown}
 o - 5 scrolls of identify {unknown}
 r - a scroll of enchant weapon {unknown}
 s - a scroll of enchant armour {unknown}
 t - a scroll of random uselessness {unknown}
Potions
 k - 3 potions of brilliance
 n - a potion of lignification {unknown}
Comestibles
 g - 7 rations


   Skills:
 + Level 5.0 Fighting
 + Level 5.0 Short Blades
 + Level 2.0 Long Blades
 + Level 2.0 Axes
 + Level 2.0 Maces & Flails
 + Level 2.0 Polearms
 + Level 2.0 Staves
 + Level 2.0 Slings
 + Level 2.0 Bows
 + Level 2.0 Crossbows
 + Level 5.0 Throwing
 + Level 2.0 Armour
 + Level 3.2 Dodging
 + Level 8.0 Stealth
 + Level 2.0 Shields
 + Level 2.0 Unarmed Combat
 + Level 2.0 Spellcasting
 + Level 1.5 Conjurations
 + Level 1.5 Hexes
 + Level 1.5 Charms
 + Level 1.5 Summonings
 + Level 1.5 Necromancy
 + Level 1.5 Translocations
 + Level 1.5 Transmutations
 + Level 1.5 Fire Magic
 + Level 1.5 Ice Magic
 + Level 1.5 Air Magic
 + Level 1.5 Earth Magic
 + Level 1.5 Poison Magic
 + Level 2.2 Invocations
 + Level 2.0 Evocations


You had 9 spell levels left.
You didn't know any spells.
Your spell library was empty.

Dungeon Overview and Level Annotations

Branches:
Dungeon (4/15)
 Temple: D:4-7

Altars:
Dithmenos
Hepliaklqana

Shops:
D:4 ?


Innate Abilities, Weirdness & Mutations

Your experience applies equally to all skills.
You have very sharp teeth.
Your uncanny sense of smell can sniff out nearby items.


Message History

The iguana closely misses you.
You hit the iguana but do no damage.
The iguana is almost dead.
You closely miss the iguana.
The iguana is almost dead.
The iguana bites you!
* * * LOW HITPOINT WARNING * * *
You barely miss the iguana.
The iguana is almost dead.
The iguana completely misses you.
You hit the iguana but do no damage.
The iguana is almost dead.
The iguana hisses menacingly.
The iguana bites you but does no damage.
You hit the iguana but do no damage. You bite the iguana.
The iguana is almost dead.
You hit the iguana but do no damage.
The iguana is almost dead.
The iguana bites you.
You die...

...# ##......## ...
##........## ... ∆ .
#..........# #.# # ..
#..........# #.# .#...
#..........###.##.....
#..........##.....#
#..........##∩....###.
#.........$)@l.......
##...<....###....(...#
#..>.......##.)..(.#..
##..........##.<......l
#...........##.##......
#...........##.# ......
#...........##.# ......
#..........###.# ......
#..........# #.# ...


You could see an iguana.

Vanquished Creatures
  An ogre (D:4)
  A bullfrog (D:3)
  3 orc priests (D:4)
  4 adders
  An ooze (D:3)
  2 worms (D:2)
  A dart slug (D:1)
  2 leopard geckos
  2 orcs
  2 giant cockroaches
  10 goblins
  7 hobgoblins
  9 jackals
  4 kobolds
  A quokka (D:3)
  8 bats
  4 frilled lizards
  4 rats
66 creatures vanquished.

Notes
Turn   | Place    | Note
-------+----------+-------------------------------------------
     0 | D:1      | Menchi the Gnoll Assassin began the quest for the Orb.
     0 | D:1      | Reached XP level 1. HP: 20/20 MP: 1/1
    55 | D:1      | Reached XP level 2. HP: 26/26 MP: 2/2
   281 | D:1      | Reached XP level 3. HP: 30/31 MP: 3/3
   461 | D:2      | Found a shadowy altar of Dithmenos.
   492 | D:2      | Became a worshipper of Dithmenos the Shadowed
   524 | D:2      | Reached skill level 1 in Invocations
   615 | D:2      | Reached skill level 1 in Long Blades
   615 | D:2      | Reached skill level 1 in Axes
   615 | D:2      | Reached skill level 1 in Maces & Flails
   615 | D:2      | Reached skill level 1 in Polearms
   615 | D:2      | Reached skill level 1 in Staves
   615 | D:2      | Reached skill level 1 in Slings
   615 | D:2      | Reached skill level 1 in Bows
   615 | D:2      | Reached skill level 1 in Crossbows
   615 | D:2      | Reached skill level 1 in Armour
   615 | D:2      | Reached skill level 1 in Shields
   615 | D:2      | Reached skill level 1 in Unarmed Combat
   615 | D:2      | Reached skill level 1 in Spellcasting
   615 | D:2      | Reached skill level 1 in Evocations
   615 | D:2      | Reached XP level 4. HP: 37/38 MP: 5/5
  1215 | D:3      | Reached * piety under Dithmenos
  1254 | D:3      | Found a hazy altar of Hepliaklqana.
  1301 | D:3      | Reached skill level 1 in Conjurations
  1301 | D:3      | Reached skill level 1 in Hexes
  1301 | D:3      | Reached skill level 1 in Charms
  1301 | D:3      | Reached skill level 1 in Summonings
  1301 | D:3      | Reached skill level 1 in Necromancy
  1301 | D:3      | Reached skill level 1 in Translocations
  1301 | D:3      | Reached skill level 1 in Transmutations
  1301 | D:3      | Reached skill level 1 in Fire Magic
  1301 | D:3      | Reached skill level 1 in Ice Magic
  1301 | D:3      | Reached skill level 1 in Air Magic
  1301 | D:3      | Reached skill level 1 in Earth Magic
  1301 | D:3      | Reached skill level 1 in Poison Magic
  1303 | D:3      | Noticed a bullfrog
  1314 | D:3      | Killed a bullfrog
  1314 | D:3      | Reached XP level 5. HP: 31/43 MP: 5/7
  2156 | D:4      | Found Ojaoch's Magic Scroll Shoppe.
  2173 | D:4      | Noticed an ogre
  2176 | D:4      | Killed an ogre
  2176 | D:4      | Reached skill level 8 in Stealth
  2176 | D:4      | Reached XP level 6. HP: 50/50 MP: 8/8
  2195 | D:4      | Reached skill level 5 in Fighting
  2195 | D:4      | Reached skill level 5 in Short Blades
  2195 | D:4      | Reached skill level 5 in Throwing
  2227 | D:4      | HP: 2/51 [iguana (14)]
  2231 | D:4      | Slain by an iguana

Skill      XL: |  1  2  3  4  5  6 |
---------------+-------------------+-----
Invocations    | 1 2 |  2.2
Long Blades    | 1 2 |  2.0
Axes           | 1 2 |  2.0
Maces & Flails | 1 2 |  2.0
Polearms       | 1 2 |  2.0
Staves         | 1 2 |  2.0
Slings         | 1 2 |  2.0
Bows           | 1 2 |  2.0
Crossbows      | 1 2 |  2.0
Armour         | 1 2 |  2.0
Shields        | 1 2 |  2.0
Unarmed Combat | 1 2 |  2.0
Spellcasting   | 1 2 |  2.0
Evocations     | 1 2 |  2.0
Conjurations   | 1 |  1.5
Hexes          | 1 |  1.5
Charms         | 1 |  1.5
Summonings     | 1 |  1.5
Necromancy     | 1 |  1.5
Translocations | 1 |  1.5
Transmutations | 1 |  1.5
Fire Magic     | 1 |  1.5
Ice Magic      | 1 |  1.5
Air Magic      | 1 |  1.5
Earth Magic    | 1 |  1.5
Poison Magic   | 1 |  1.5
Dodging        | 3 |  3.2
Stealth        | 8 |  8.0
Fighting       | 5 |  5.0
Short Blades   | 5 |  5.0
Throwing       | 5 |  5.0

Action                   |  1- 3 |  4- 6 || total
-------------------------+-------+-------++-------
Melee: Dagger            |   104 |   146 ||   250
       Bite              |    10 |    18 ||    28
       Punch             |       |     1 ||     1
 Fire: Blowgun           |       |     3 ||     3
  Use: Potion            |       |     4 ||     4
 Stab: Sleeping          |    10 |     4 ||    14
  Eat: Chunk             |       |     4 ||     4
Armor: Robe              |    27 |    21 ||    48
Dodge: Dodged            |    73 |    83 ||   156
